 Dungeon Crawl Stone Soup version 0.26.1-11-gd32895ea62 (webtiles) character file.

Game seed: 3181360490198085126

436 Descartes the Scratcher (level 6, 0/29 HPs)
             Began as a Felid Wanderer on Apr 17, 2021.
             Slain by a hound (3 damage)
             ... on level 4 of the Dungeon.
             The game lasted 00:09:28 (4894 turns).

Descartes the Scratcher (Felid Wanderer)            Turns: 4894, Time: 00:09:28

Health: 0/29       AC:  2    Str: 11    XL:     6   Next: 68%
Magic:  7/7        EV: 20    Int: 15    God:
Gold:   230        SH:  0    Dex: 13    Spells: 5/5 levels left
                                        Lives:  0   Deaths: 1

rFire    . . .     SeeInvis +     - Unarmed
rCold    . . .     Faith    .   (shield unavailable)
rNeg     . . .     Spirit   .   (armour unavailable)
rPois    .         Reflect  .   (helmet unavailable)
rElec    .         Harm     .   (cloak unavailable)
rCorr    .         Rampage  .   (gloves unavailable)
Will     .....                  (boots unavailable)
Stlth    +++.......             o - amulet of magic regeneration
HPRegen  0.09/turn              (no ring)
MPRegen  0.35/turn              (no ring)

@: quick
A: very small, no armour, no weapons or thrown items, stealth, claws 1, fangs 3,
see invisible, speed 1, shaggy fur 2, sharp paws
a: no special abilities


You were on level 4 of the Dungeon.
You visited 1 branch of the dungeon, and saw 4 of its levels.

You collected 230 gold pieces.

Inventory:

Missiles
 g - 146 arrows
 h - 202 stones
Jewellery
 o - an amulet of magic regeneration (around neck)
 q - an uncursed amulet of guardian spirit {unknown}
Scrolls
 b - a scroll of blinking
 c - 4 scrolls of teleportation
 d - 4 scrolls of identify {unknown}
 f - a scroll of fog {unknown}
 i - 2 scrolls of remove curse {unknown}
 m - 2 scrolls of magic mapping {unknown}
 n - 2 scrolls of enchant armour {unknown}
 p - 4 scrolls of enchant weapon {unknown}
Potions
 a - a potion of berserk rage
 e - a potion of flight {unknown}
 j - 2 potions of invisibility {unknown}
 k - a potion of heal wounds {unknown}
 l - 5 potions of curing {unknown}
 r - a potion of brilliance {unknown}
 s - a potion of degeneration {unknown}


   Skills:
 + Level 4.4 Fighting
 * Level 5.9 Dodging
 + Level 5.4 Stealth
 + Level 5.9 Unarmed Combat


You had 5 spell levels left.
You didn't know any spells.
Your spell library was empty.

Dungeon Overview and Level Annotations

Branches:
Dungeon (4/15)
 Temple: D:4-7

Altars:
Makhleb
Sif Muna


Innate Abilities, Weirdness & Mutations

You cannot wear armour.
You are incapable of wielding weapons or throwing items.
Your paws allow you to move quietly. (Stealth)
You have sharp claws.
You have razor-sharp teeth.
You have supernaturally acute eyesight. (SInv)
You cover ground quickly.
You are covered in thick fur. (AC +2)
Your sharp claws are effective at attacking unaware monsters.


Message History

You claw the orc priest!
The orc priest is heavily wounded.
The hound misses you.
A quokka comes into view.
The orc priest calls down the wrath of Beogh upon you.
Beogh smites you!
Ouch! That really hurt!
The hound bites you.
* * * LOW HITPOINT WARNING * * *
You barely miss the orc priest.
The orc priest is heavily wounded.
The orc priest closely misses you. The hound closely misses you.
You claw the orc priest!
You kill the orc priest!
The hound misses you. The quokka bites you.
* * * LOW HITPOINT WARNING * * *
You closely miss the quokka. Your claw misses the quokka.
The hound completely misses you. The quokka completely misses you.
The hound bites you.
You die...

..###'## #.# ### #.#
#.# # #.# #.# ##
##.####.# .#
#....##.##########
.###....##.##.......#
..##....##.##...)...##
#.##....##..'....h(..#
#.###'#######)).@....#
#..##.# #..))..r.#.#
##.##.# #.######.#
##..#.# #. .# ..#.#.#
# # ..#.#.# ..#...#
..##..# #
..##..#####.+


You could see a hound and a quokka.

Vanquished Creatures
  2 ogres (D:4)
  2 orc priests (D:4)
  A bullfrog skeleton (D:4)
  A hound (D:3)
  2 worker ants (D:4)
  Robin (D:3)
  3 gnolls (D:4)
  3 adders
  An ufetubus (D:4)
  3 oozes (D:3)
  A worm (D:3)
  A dart slug (D:1)
  5 leopard geckos
  5 orcs
  2 bats
  6 giant cockroaches
  12 goblins
  11 hobgoblins
  3 jackals (D:1)
  2 quokkas (D:2)
  A ball python (D:3)
  10 frilled lizards
  A jackal skeleton (D:4)
  10 kobolds
  7 rats
96 creatures vanquished.

Vanquished Creatures (others)
  11 plants (D:1)
11 creatures vanquished.

Grand Total: 107 creatures vanquished

Notes
Turn   | Place    | Note
-------+----------+-------------------------------------------
     0 | D:1      | Descartes the Felid Wanderer began the quest for the Orb.
     0 | D:1      | Descartes set off with the following items: a potion of
                  | berserk rage, a scroll of blinking, 2 scrolls of
                  | teleportation
     0 | D:1      | Reached XP level 1. HP: 10/10 MP: 2/2
   136 | D:1      | Reached skill level 1 in Dodging
   196 | D:1      | Reached XP level 2. HP: 14/14 MP: 3/3
   488 | D:1      | Reached XP level 3. HP: 13/17 MP: 4/4
  1385 | D:2      | You fall into a shaft and drop 2 floors!
  1388 | D:4      | Reached XP level 4. HP: 21/21 MP: 5/5
  1708 | D:4      | Noticed an ogre
  1709 | D:4      | Found a burning altar of Makhleb.
  1709 | D:4      | Found a shimmering blue altar of Sif Muna.
  1745 | D:4      | Noticed an ogre
  1829 | D:3      | Reached XP level 5. HP: 7/25 MP: 6/6
  1832 | D:3      | Slain by an orc
  1833 | D:3      | Reached XP level 4. HP: -4/22 MP: 5/5
  2863 | D:3      | Noticed Robin
  2923 | D:3      | Killed Robin
  3224 | D:3      | Reached XP level 5. HP: 25/25 MP: 6/6
  4652 | D:4      | Killed an ogre
  4653 | D:4      | Reached skill level 5 in Dodging
  4653 | D:4      | Reached skill level 5 in Stealth
  4703 | D:4      | Killed an ogre
  4704 | D:4      | Gained mutation: You are covered in thick fur. (AC +2)
                  | [Felid growth]
  4704 | D:4      | Reached XP level 6. HP: 28/28 MP: 7/7
  4894 | D:4      | Slain by a hound

Illustrated notes

Levels and vault maps discovered:
D:1:      nicolae_arrival_memento_mori, layout_rooms, serial_forest,
          infiniplex_forest_diagonal, infiniplex_forest_lined_3,
          infiniplex_forest_clump_small, infiniplex_forest_lined_2,
          infiniplex_forest_clump_curved, infiniplex_forest_straight_4,
          infiniplex_forest_clump_double, infiniplex_forest_lined_3_way,
          infiniplex_forest_clump_C
D:2:      layout_loops_ring
D:3:      layout_basic, uniq_robin
D:4:      layout_basic, chequers_temple_overflow_statue_of_worship

Skill      XL: |  1  2  3  4  5 |
---------------+----------------+-----
Dodging        | 1 2 3 4 5 |  5.9
Stealth        | 3 4 5 |  5.4
Fighting       | 4 |  4.4
Unarmed Combat | |  5.9

Action                   |  1- 3 |  4- 6 || total
-------------------------+-------+-------++-------
Melee: Unarmed           |   100 |   152 ||   252
       Bite              |     8 |     8 ||    16
       Punch             |       |     2 ||     2
 Stab: Sleeping          |     4 |    16 ||    20
       Distracted        |     1 |       ||     1
Armor: Skin              |     8 |     2 ||    10
Dodge: Dodged            |    84 |   110 ||   194
